 Dungeon Crawl Stone Soup version 0.28.0-49-g6dfe1f597d (webtiles) character file.

Game seed: 10403685447860596226

26793 firemarshallily the Thaumaturge (level 13, -3/105 HPs)
             Began as a Merfolk Ice Elementalist on May 15, 2022.
             Was an Elder of Qazlal.
             Slain by a meliai
             ... wielding a +1 vorpal war axe
              (9 damage)
             ... on level 14 of the Dungeon.
             The game lasted 01:37:33 (14979 turns).

firemarshallily the Thaumaturge (MfIE)             Turns: 14979, Time: 01:37:33

Health: -3/105     AC: 12    Str:  9    XL:     13   Next: 28%
Magic:  37/37      EV: 12    Int: 25    God:    Qazlal [****..]
Gold:   1732       SH:  5    Dex: 16    Spells: 17/41 levels left

rFire   . . .      SeeInvis .   K - +7 hand axe "Lotosu" {vamp, rElec Int+6}
rCold   + . .      Faith    .   (no shield)
rNeg    . . .      Spirit   .   A - +0 troll leather armour
rPois   .          Reflect  .   (no helmet)
rElec   +          Harm     .   G - +0 cloak
rCorr   .          Rampage  .   S - +0 pair of gloves
Will    .....                   q - +1 pair of boots
Stlth   +.........              (no amulet)
HPRegen 1.07/turn               j - +4 ring of protection
MPRegen 0.25/turn               s - ring of magical power

@: hasted, repel missiles, very quick
A: (nimble swimmer 2), mertail, agile 1, cold resistance 1, low MP 1, robust 1
a: Renounce Religion, Upheaval, Elemental Force


You were on level 14 of the Dungeon.
You worshipped Qazlal.
Qazlal was greatly pleased with you.
You visited 1 branch of the dungeon, and saw 14 of its levels.
You also visited: Bailey and Gauntlet.

You collected 1732 gold pieces.

Inventory:

Hand Weapons
 e - a +0 short sword
 g - a +0 trident
 h - a +0 spear
 z - the +7 whip of the Invisible Beds {flame, rF+ rC- SInv Stlth+}
   (You found it on level 5 of the Dungeon)

   It burns those it strikes, dealing additional fire damage.
   rF:        It protects you from fire.
   rC:        It makes you vulnerable to cold.
   SInv:      It lets you see invisible.
   Stlth:     It makes you more stealthy.
 K - the +7 hand axe "Lotosu" (weapon) {vamp, rElec Int+6}
   (You found it in a bailey)

   It occasionally heals its wielder for a portion of the damage dealt when it
   wounds a living foe.
   Int:       It affects your intelligence (+6).
   rElec:     It insulates you from electricity.
 R - the +12 dagger of Affyebra {vorpal, rPois rN+ Will+ Dex+3}
   (You found it on level 12 of the Dungeon)

   It inflicts extra damage upon your enemies.
   Dex:       It affects your dexterity (+3).
   rPois:     It protects you from poison.
   rN:        It protects you from negative energy.
   Will:      It increases your willpower.
Missiles
 i - 9 javelins (quivered)
 m - 28 poisoned darts
 y - 25 boomerangs
 J - 2 datura-tipped darts
 L - 6 curare-tipped darts
Armour
 a - a +0 robe
 q - a +1 pair of boots (worn)
 A - a +0 troll leather armour (worn)
 G - a +0 cloak (worn)
 S - a +0 pair of gloves (worn)
 U - a +2 buckler
 X - a +1 leather armour of willpower
Magical Staves
 k - a staff of death
Jewellery
 d - an amulet of faith
 j - a +4 ring of protection (left hand)
 n - a ring of flight
 s - a ring of magical power (right hand)
 O - a ring of resist corrosion
 W - a ring of willpower
Wands
 o - a wand of charming (4)
 E - a wand of iceblast (5)
 N - a wand of digging (2)
Scrolls
 c - 5 scrolls of teleportation
 f - 2 scrolls of blinking
 l - 2 scrolls of fear
 v - 2 scrolls of amnesia
 H - a scroll of holy word
 P - a scroll of immolation
 T - 2 scrolls of identify
Potions
 b - 3 potions of berserk rage
 p - 7 potions of flight
 r - a potion of heal wounds
 t - 2 potions of lignification
 u - 3 potions of brilliance
 x - 2 potions of cancellation
 B - 2 potions of resistance
 C - 5 potions of might
 D - 2 potions of curing
 F - a potion of invisibility
 Q - 2 potions of mutation
Miscellaneous
 I - a lightning rod (4/4)


   Skills:
 - Level 7.5 Fighting
 - Level 4.2(4.5) Axes
 - Level 1.5(3.1) Maces & Flails
 - Level 1.5(4.9) Polearms
 - Level 3.0 Armour
 - Level 3.0 Dodging
 - Level 2.1 Stealth
 * Level 14.6 Spellcasting
 + Level 14.3 Ice Magic


You had 17 spell levels left.
You knew the following spells:

 Your Spells              Type           Power      Damage    Failure   Level
a - Freeze                Ice            100%       1d11      0%          1
b - Frozen Ramparts       Ice            100%       1d12      1%          3
c - Ozocubu's Armour      Ice            74%        N/A       1%          3
d - Hailstorm             Conj/Ice       52%        3d12      2%          4
e - Ensorcelled Hibernat  Hex/Ice        100%       N/A       1%          2
f - Summon Ice Beast      Ice/Summ       52%        N/A       2%          4
g - Sandblast             Erth           36%        2d10      4%          1
h - Stone Arrow           Conj/Erth      36%        3d9       13%         3
i - Swiftness             Air            18%        N/A       13%         3

Your spell library contained the following spells:

 Spells                   Type           Power      Damage    Failure   Level
 Ice Form                 Ice/Tmut       52%        N/A       2%          4
 Passwall                 Tmut/Erth      15%        N/A       6%          2
 Blade Hands              Tmut           9%         N/A       75%         5
 Irradiate                Conj/Tmut      9%         3d16      75%         5
 Dragon Form              Tmut           9%         N/A       100%        7


Dungeon Overview and Level Annotations

Branches:
Dungeon (13/15)            Temple (0/1) D:6            Lair (0/6) D:8
    Orc (0/2) D:11         Bailey (visited)         Gauntlet (visited)
 Vaults: D:13-14

Altars:
Cheibriados
Fedhas
Hepliaklqana
Qazlal
Sif Muna
Trog
Uskayaw
Wu Jian
Zin
The Shining One
Beogh

Shops:
D:9 *


Innate Abilities, Weirdness & Mutations

((You are very nimble when in or above water. (Stealth+, EV+, Speed+++)))
Your lower body shifts to a powerful aquatic tail in water.
You are agile. (Dex +2)
Your flesh is cold resistant. (rC+)
Your magical capacity is low. (-10% MP)
You are robust. (+10% HP)


Message History

An orc wizard comes into view. It is wielding a +0 dagger.
A +6 long sword comes into view.
You hear a shout!
A meliai comes into view. It is wielding a +0 war axe.
A meliai comes into view. It is wielding a +1 vorpal war axe.
The orc wizard mumbles some strange words.
The orc wizard flickers and vanishes!
Deactivating autopickup; reactivate with Ctrl-A.
A meliai comes into view. It is wielding a +0 hand axe.
A +5 long sword comes into view.
The meliai hits you but does no damage. The meliai closely misses you.
The meliai hits you with a +1 vorpal war axe!
You block the meliai's attack.
The meliai is engulfed in freezing vapours.
The meliai calls down the wrath of its god upon you.
Something smites you!
The meliai hits you with a +1 vorpal war axe!
The meliai stings you but does no damage.
An orc comes into view. It is wielding a +0 trident.
The +6 long sword is engulfed in freezing vapours.
The meliai misses you. You block the meliai's attack.
The +6 long sword hits you.
The meliai mumbles some strange prayers to its god against you.
Something smites you!
The meliai mumbles some strange prayers to its god against you.
Something smites you!
The meliai calls upon its god to heal the meliai.
The meliai's wounds heal themselves!
The +6 long sword hits you!
You feel yourself speed up.
The meliai is engulfed in blazing flames.
The meliai calls down the wrath of its god upon you.
Something smites you!
* * * LOW HITPOINT WARNING * * *
The +6 long sword hits you!!
* * * LOW HITPOINT WARNING * * *
The meliai is engulfed in freezing vapours.
The meliai hits you with a +1 vorpal war axe.
* * * LOW HITPOINT WARNING * * *
x2 The meliai stings you!
You die...

#..# #..# #####
######..#################
.....
.........................
####
######..################
#..# #..# #..# #y@#
###############☼(###########
....D...........yy..........
..............○○(o○.........
...............o..§{........
#######.............o>......
....................
....................
....................


You could see 3 meliai, 2 dancing weapons and 3 orcs.

Vanquished Creatures
  Frances (D:12)
  A boulder beetle (D:11)
  2 two-headed ogres
  A deep elf knight (D:12)
  A deep elf archer (D:12)
  Pikel (D:9)
  8 deep elf pyromancers
  5 deep elf zephyrmancers (D:12)
  A manticore (D:12)
  2 cyclopes
  A gargoyle (D:10)
  A freezing wraith (D:13)
  An unseen horror (D:12)
  3 trolls
  Grinder (D:3)
  A vampire (D:12)
  A shadow (D:13)
  A wyvern (D:8)
  A fire bat (shapeshifter) (D:14)
  9 vampire mosquitoes
  6 yaks (D:11)
  2 wraiths (D:10)
  A warg (D:11)
  Edmund (D:5)
  3 water moccasins
  An acid dragon (D:14)
  8 orc warriors
  2 black bears
  An ice beast (D:6)
  2 ogres
  5 centaurs
  A necrophage (D:6)
  3 lemures (D:9)
  2 kobold brigands (D:8)
  A phantom (D:2)
  A wyvern zombie (D:8)
  5 bullfrogs
  A gnoll sergeant (D:12)
  4 scorpions
  A water moccasin skeleton (D:4)
  14 killer bees
  4 howler monkeys
  5 centaur zombies
  A gnoll shaman (D:7)
  12 orc priests
  Crazy Yiuf (D:6)
  2 bullfrog skeletons
  11 orc wizards
  Terence (D:2)
  3 iguanas
  A killer bee zombie (D:6)
  A hound zombie (D:5)
  A hound skeleton (D:5)
  A howler monkey zombie (D:8)
  15 gnolls
  4 adders
  A white imp (D:4)
  An ufetubus (D:6)
  A worm (D:3)
  2 dart slugs
  52 orcs
  3 ball pythons
  7 endoplasms
  4 giant cockroaches
  18 goblins
  6 hobgoblins
  7 jackals
  26 kobolds
  2 quokkas (D:1)
  2 bats (D:1)
  4 frilled lizards
  8 rats
315 creatures vanquished.

Vanquished Creatures (collateral kills)
  2 two-headed ogres
  A deep elf knight (D:12)
  A deep elf archer (D:12)
  5 deep elf zephyrmancers (D:12)
  A manticore (D:12)
  A troll (D:10)
  3 orc priests
  An orc wizard (D:11)
  2 orcs (D:11)
17 creatures vanquished.

Vanquished Creatures (others)
  A briar patch (D:11)
  A fungus (D:6)
  4 plants (D:9)
6 creatures vanquished.

Grand Total: 338 creatures vanquished

Notes
Turn   | Place    | Note
-------+----------+-------------------------------------------
     0 | D:1      | firemarshallily the Merfolk Ice Elementalist began the
                  | quest for the Orb.
     0 | D:1      | Reached XP level 1. HP: 13/13 MP: 3/3
   210 | D:1      | Reached XP level 2. HP: 18/19 MP: 0/5
   721 | D:1      | Reached XP level 3. HP: 22/24 MP: 1/6
   917 | D:1      | Learned a level 3 spell: Frozen Ramparts
   921 | D:1      | Learned a level 3 spell: Ozocubu's Armour
  1767 | D:2      | Reached skill level 5 in Ice Magic
  1779 | D:2      | Noticed Terence
  1787 | D:2      | Killed Terence
  1788 | D:2      | Reached skill level 1 in Polearms
  1788 | D:2      | Reached XP level 4. HP: 28/30 MP: 0/8
  2117 | D:2      | Noticed a phantom
  2140 | D:2      | HP: 1/30 [phantom (6)]
  2145 | D:2      | HP: 2/45 [phantom (8)]
  2147 | D:2      | Killed a phantom
  2148 | D:2      | Reached XP level 5. HP: 2/35 MP: 3/10
  2547 | D:3      | Found a blossoming altar of Fedhas.
  2560 | D:3      | Noticed Grinder
  2560 | D:3      | Paralysed by Grinder for 5 turns
  2578 | D:3      | Paralysed by Grinder for 3 turns
  2589 | D:3      | Gained mutation: You occasionally shout uncontrollably at
                  | your foes. [potion of mutation]
  2589 | D:3      | Gained mutation: Your magical capacity is low. (-10% MP)
                  | [potion of mutation]
  2589 | D:3      | Gained mutation: Your spells are a little easier to cast,
                  | but a little less powerful. [potion of mutation]
  2589 | D:3      | Gained mutation: Your flesh is cold resistant. (rC+)
                  | [potion of mutation]
  2590 | D:3      | Reached XP level 6. HP: 10/55 MP: 3/14
  2605 | D:3      | Killed Grinder
  2606 | D:3      | Reached XP level 7. HP: 18/60 MP: 5/16
  3554 | D:3      | Found a glowing silver altar of Zin.
  3899 | D:4      | Reached skill level 10 in Ice Magic
  4563 | D:4      | Lost mutation: Your spells are a little easier to cast, but
                  | a little less powerful. [potion of mutation]
  4563 | D:4      | Lost mutation: You occasionally shout uncontrollably at
                  | your foes. [potion of mutation]
  4563 | D:4      | Gained mutation: You are robust. (+10% HP) [potion of
                  | mutation]
  4563 | D:4      | Gained mutation: You are agile. (Dex +2) [potion of
                  | mutation]
  4607 | D:4      | Learned a level 4 spell: Hailstorm
  4754 | D:5      | Entered Level 5 of the Dungeon
  4771 | D:5      | Reached XP level 8. HP: 73/73 MP: 14/18
  4789 | D:5      | Learned a level 2 spell: Ensorcelled Hibernation
  4807 | D:5      | Found a stormy altar of Qazlal.
  4823 | D:5      | Became a worshipper of Qazlal Stormbringer
  5045 | D:5      | Identified the +7 whip of the Invisible Beds {flame, rF+
                  | rC- SInv Stlth+}
  5058 | D:5      | Noticed Edmund
  5070 | D:5      | Killed Edmund
  5090 | D:5      | Noticed a troll
  5151 | D:5      | Killed a troll
  5152 | D:5      | Reached skill level 1 in Maces & Flails
  5599 | D:6      | Reached XP level 9. HP: 79/79 MP: 3/19
  5738 | D:6      | Found a staircase to the Ecumenical Temple.
  5763 | D:6      | Reached * piety under Qazlal
  5819 | D:6      | Found a bloodstained altar of Trog.
  5823 | D:6      | Found a hide-covered altar of Uskayaw.
  5824 | D:6      | Found a hazy altar of Hepliaklqana.
  5825 | D:6      | Found a snail-covered altar of Cheibriados.
  5825 | D:6      | Found a glowing golden altar of the Shining One.
  6279 | D:6      | Found a runed translucent door.
  6280 | D:6      | Noticed Crazy Yiuf
  6287 | D:6      | Killed Crazy Yiuf
  6469 | D:7      | Found a flagged portal.
  6490 | Bailey   | Entered a bailey
  6585 | Bailey   | Reached ** piety under Qazlal
  6900 | Bailey   | Identified the +7 hand axe "Lotosu" {vamp, rElec Int+6}
  7840 | D:8      | Reached skill level 1 in Axes
  7840 | D:8      | Reached XP level 10. HP: 85/86 MP: 10/21
  7988 | D:8      | Found a staircase to the Lair.
  8153 | D:8      | Reached skill level 10 in Spellcasting
  8437 | D:8      | Reached *** piety under Qazlal
  8547 | D:8      | Identified a scroll of acquirement
  8547 | D:8      | Acquired a book of Rime
  8554 | D:8      | Learned a level 4 spell: Summon Ice Beast
  8629 | D:8      | Found an ornate altar of the Wu Jian Council.
  8920 | D:9      | Noticed Pikel
  8923 | D:9      | Killed Pikel
  9047 | D:9      | Found Juptah's Assorted Antiques.
  9123 | D:9      | Noticed a two-headed ogre
  9126 | D:9      | Killed a two-headed ogre
  9668 | D:10     | Entered Level 10 of the Dungeon
  9750 | D:10     | Noticed a gargoyle
  9755 | D:10     | Killed a gargoyle
 10075 | D:10     | Found a shimmering blue altar of Sif Muna.
 10227 | D:10     | Reached XP level 11. HP: 78/92 MP: 14/23
 10726 | D:11     | Noticed a two-headed ogre
 10982 | D:11     | Found a staircase to the Orcish Mines.
 10991 | D:11     | Reached **** piety under Qazlal
 11053 | D:11     | Killed a two-headed ogre
 11278 | D:11     | Noticed a boulder beetle
 11360 | D:11     | Killed a boulder beetle
 11502 | D:11     | Found a transporter.
 11594 | D:11     | Found a transporter.
 12035 | D:12     | Identified the +12 dagger of Affyebra {vorpal, rPois rN+
                  | Will+ Dex+3}
 12126 | D:12     | Identified the +7 quarterstaff of Kuckaz {pain, rPois}
 12135 | D:12     | Noticed a deep elf zephyrmancer
 12138 | D:12     | Noticed a deep elf zephyrmancer
 12138 | D:12     | Noticed a deep elf pyromancer
 12139 | D:12     | Noticed a deep elf zephyrmancer
 12144 | D:12     | Killed a deep elf zephyrmancer
 12144 | D:12     | Noticed a deep elf zephyrmancer
 12144 | D:12     | Killed a deep elf pyromancer
 12145 | D:12     | Noticed a manticore
 12148 | D:12     | Killed a deep elf zephyrmancer
 12151 | D:12     | Killed a deep elf zephyrmancer
 12153 | D:12     | Killed a deep elf zephyrmancer
 12154 | D:12     | Reached XP level 12. HP: 80/100 MP: 15/25
 12275 | D:12     | Noticed a deep elf knight
 12278 | D:12     | Noticed a deep elf knight
 12284 | D:12     | Killed a deep elf knight
 12430 | D:12     | Killed a deep elf knight
 12829 | D:12     | Noticed Frances
 12833 | D:12     | Noticed a sun demon
 12834 | D:12     | Reached skill level 1 in Armour
 12889 | D:12     | Killed Frances
 13085 | D:12     | Noticed a two-headed ogre
 13089 | D:12     | Killed a two-headed ogre
 13379 | D:12     | Reached XP level 13. HP: 105/105 MP: 24/28
 13995 | D:13     | Learned a level 1 spell: Sandblast
 13999 | D:13     | Learned a level 3 spell: Stone Arrow
 14003 | D:13     | Learned a level 3 spell: Swiftness
 14226 | D:13     | Found a gate leading to a gauntlet.
 14238 | Gauntlet | Entered a Gauntlet
 14238 | Gauntlet | Found a transporter.
 14238 | Gauntlet | Found a runed translucent door.
 14238 | Gauntlet | Found a transporter.
 14238 | Gauntlet | Found a runed translucent door.
 14248 | Gauntlet | Found a transporter.
 14251 | Gauntlet | Found a transporter.
 14259 | Gauntlet | Found a transporter.
 14262 | Gauntlet | Found a transporter.
 14270 | Gauntlet | Found a transporter.
 14270 | Gauntlet | Found the necklace of Bloodlust {*Rage Will++ Int-3 Slay+6}
 14288 | Gauntlet | Found a transporter.
 14292 | Gauntlet | Found a transporter.
 14295 | Gauntlet | Found a transporter.
 14307 | Gauntlet | Found a transporter.
 14308 | Gauntlet | Found a transporter.
 14762 | D:13     | You fall into a shaft and drop 1 floor!
 14979 | D:14     | Slain by a meliai

Illustrated notes

Levels and vault maps discovered:
D:1:      scummos_arrival_simple_crosswalls, layout_basic, minmay_unequal
D:2:      layout_loops_corners, uniq_terence
D:3:      layout_basic, mainiacjoe_overflow_alcove_2, fedhas_altar_2,
          uniq_grinder
D:4:      layout_loops_ring, kennysheep_orc_chapel
D:5:      layout_gridville, nicolae_qazlal_general_emergency, uniq_edmund
D:6:      layout_rooms, grunt_temple_overflow_open,
          minmay_temple_entry_drinking_statues, st_stairs_2, grunt_ministairs_5,
          uniq_crazy_yiuf_cottage
D:7:      layout_basic, serial_curves, eino_curves_04, eino_curves_03,
          enter_bailey_3
D:8:      layout_rooms, nzn_wu_jian_contemplation, lair_entry_dummy,
          minmay_fractal_squares_5
D:9:      layout_roguey, serial_shops, nicolae_shop_overgrown_old_shop,
          chequers_serial_rivers_large_a, chequers_serial_rivers_micro_a,
          uniq_pikel
D:10:     layout_roguey, tgw_sif
D:11:     gammafunk_worm_tunnel, layout_basic, erik_orc_4
D:12:     minmay_elf_outpost, layout_cave_pools, uniq_frances
D:13:     layout_roguey, gauntlet_entry_generic, uniq_josephine
D:14:     layout_long_grid, erik_vaults_1

Skill      XL: |  1  2  3  4  5  6  7  8  9 10 11 12 13 |
---------------+----------------------------------------+-----
Dodging        | 3 |  3.0
Ice Magic      | 5 9 10 11 13 14 | 14.3
Polearms       | 1 |  1.5
Spellcasting   | 3 7 8 9 11 12 14 | 14.6
Fighting       | 7 |  7.5
Maces & Flails | 1 |  1.5
Axes           | 1 2 3 4 |  4.2
Armour         | 2 3 |  3.0
Stealth        | |  2.1

Action                   |  1- 3 |  4- 6 |  7- 9 | 10-12 | 13-15 || total
-------------------------+-------+-------+-------+-------+-------++-------
Melee: Whip              |    12 |       |   172 |       |       ||   184
       Short sword       |     8 |       |       |       |       ||     8
       Spear             |    21 |    46 |   105 |       |       ||   172
       Punch             |     1 |       |     7 |     5 |       ||    13
       Hand axe          |       |       |     7 |   224 |    65 ||   296
       Tailslap          |       |       |     6 |     1 |       ||     7
Throw: Stone             |       |     9 |     1 |       |       ||    10
       Javelin           |       |       |    15 |     2 |     3 ||    20
       Boomerang         |       |       |     2 |    25 |       ||    27
       Dart              |       |       |       |     5 |       ||     5
 Cast: Freeze            |    37 |     5 |    42 |    14 |       ||    98
       Frozen Ramparts   |     1 |     3 |    34 |    49 |     8 ||    95
       Ozocubu's Armour  |     1 |     2 |    21 |    40 |    11 ||    75
       Hailstorm         |       |       |     4 |    38 |    10 ||    52
       Ensorcelled Hiber |       |       |     1 |     1 |       ||     2
       Summon Ice Beast  |       |       |       |    29 |     4 ||    33
       Stone Arrow       |       |       |       |       |     1 ||     1
Invok: Elemental Force   |       |       |       |     1 |       ||     1
  Use: Potion            |       |     9 |     2 |     4 |     1 ||    16
       Scroll            |       |       |     8 |    14 |     4 ||    26
 Stab: Sleeping          |     7 |     1 |     2 |       |       ||    10
       Distracted        |       |       |       |       |     1 ||     1
Armor: Robe              |    11 |     4 |    25 |       |       ||    40
       Troll leather arm |       |       |    51 |   172 |    53 ||   276
Dodge: Dodged            |    47 |    22 |   181 |   171 |    38 ||   459
       Repelled          |       |       |       |     7 |     1 ||     8
Block: Other             |       |       |    10 |    60 |    25 ||    95
